 Dungeon Crawl Stone Soup version 0.29-a0-541-gaf1fc19f1b (webtiles) character file.

Game seed: 17278997902433100203

9 Hubjo the Firebug (level 2, 0/16 HPs)
             Began as a Deep Elf Fire Elementalist on June 2, 2022.
             Was a Follower of Uskayaw.
             Slain by an endoplasm (1 damage)
             ... on level 1 of the Dungeon.
             The game lasted 00:00:23 (489 turns).

Hubjo the Firebug (Deep Elf Fire Elementalist)       Turns: 489, Time: 00:00:23

Health: 0/16       AC:  2    Str:  5    XL:     2   Next: 6%
Magic:  8/8        EV:  9    Int: 19    God:    Uskayaw [*.....]
Gold:   31         SH:  0    Dex: 15    Spells: 6/7 levels left

rFire   . . .      SeeInvis .   (no weapon)
rCold   . . .      Faith    .   (no shield)
rNeg    . . .      Spirit   .   a - +0 robe
rPois   .          Reflect  .   (no helmet)
rElec   .          Harm     .   (no cloak)
rCorr   .          Rampage  .   (no gloves)
Will    .....                   (no boots)
Stlth   ++........              (no amulet)
HPRegen 0.05/turn               (no ring)
MPRegen 0.11/turn               (no ring)

@: constricted
A: no striking features
a: Renounce Religion, Stomp


You were on level 1 of the Dungeon.
You worshipped Uskayaw.
Uskayaw was noncommittal.
You visited 1 branch of the dungeon, and saw 1 of its levels.

You collected 31 gold pieces.

Inventory:

Armour
 a - a +0 robe (worn)
Jewellery
 d - a ring of protection from cold
Scrolls
 c - a scroll of summoning {unknown}
Potions
 b - a potion of magic
 e - a potion of attraction {unknown}
 f - 2 potions of cancellation {unknown}
 g - a potion of resistance {unknown}


   Skills:
 * Level 0.7 Fighting
 - Level 2.4 Dodging
 + Level 2.7 Stealth
 + Level 3.2 Spellcasting
 - Level 1.1 Conjurations
 + Level 3.4 Fire Magic


You had 6 spell levels left.
You knew the following spells:

 Your Spells              Type           Power      Damage    Failure   Level
a - Foxfire               Conj/Fire      44%        2x1d6     6%          1

Your spell library contained the following spells:

 Spells                   Type           Power      Damage    Failure   Level
 Scorch                   Fire           32%        2d6       5%          2
 Magic Dart               Conj           28%        1d4       10%         1
 Conjure Flame            Conj/Fire      11%        6-21      19%         3
 Call Imp                 Summ           3%         N/A       22%         2
 Inner Flame              Hex/Fire       9%         N/A       22%         3
 Mephitic Cloud           Conj/Pois/Air  4%         N/A       36%         3
 Flame Wave               Conj/Fire      11%        2d5       52%         4


Dungeon Overview and Level Annotations

Branches:
Dungeon (1/15)

Altars:
Uskayaw


Message History

You conjure some foxfire!
Your foxfire dissipates! x2
Your foxfire dissipates!
You now have 31 gold pieces (gained 7).
g - a sedimented green potion A ball python comes into view.
You conjure some foxfire!
You conjure some foxfire!
The foxfire hits the ball python.
The ball python is severely wounded.
You conjure some foxfire!
The foxfire hits the ball python.
You kill the ball python!
You conjure some foxfire!
Your foxfire dissipates! x2
Your foxfire dissipates! x2
There is a huge open gate here.
There is a huge open gate here.
There is a faded altar of an unknown god here.
You cannot tell which god this altar belongs to.
Convert to them anyway?
Uskayaw accepts your prayer! Uskayaw welcomes you!
You can now stomp with the beat.
There is a huge open gate here.
There is a huge open gate here.
A ball python and an endoplasm come into view.
There are monsters nearby!
There are monsters nearby!
The ball python hisses angrily.
The endoplasm quivers.
The ball python bites you. The ball python closely misses you. x2
The ball python grabs you. The ball python constricts you.
The ball python bites you. The ball python constricts you.
The endoplasm freezes you.
You are frozen.
* * * LOW HITPOINT WARNING * * *
The ball python bites you.
* * * LOW HITPOINT WARNING * * *
The ball python constricts you.
* * * LOW HITPOINT WARNING * * *
The endoplasm hits you.
You die...

.#.............##......##..##.#..
.#....#####..######.............#
.#....# #..# #...........[.#
.####.# #..########.........###
#.# #......# ###.......## #.#
#.####.#.###..≈≈≈..#
#.#####.####.#...#.§§≈§§.#
..............# #.≈≈!≈≈.#
#.####.#####@?# #.§≈>≈≈.# ...
#SJ# #.§≈?≈≈.# #### #..#
#.≈§≈§≈.# .... #..≈≈≈..# #.#..
#.......# .###.##.......# .
..#.......# # ####..<..## #######


You could see an endoplasm and a ball python.

Vanquished Creatures
  A dart slug (D:1)
  2 endoplasms (D:1)
  2 goblins (D:1)
  A ball python (D:1)
  A rat (D:1)
7 creatures vanquished.

Vanquished Creatures (others)
  33 foxfires (D:1)
33 creatures vanquished.

Grand Total: 40 creatures vanquished

Notes
Turn   | Place    | Note
-------+----------+-------------------------------------------
     0 | D:1      | Hubjo the Deep Elf Fire Elementalist began the quest for
                  | the Orb.
     0 | D:1      | Reached XP level 1. HP: 10/10 MP: 6/6
   244 | D:1      | Reached XP level 2. HP: 16/16 MP: 6/8
   312 | D:1      | Found a faded altar of an unknown god.
   456 | D:1      | Prayed at the altar of an unknown god.
   456 | D:1      | Became a worshipper of Uskayaw the Reveller
   456 | D:1      | Reached * piety under Uskayaw
   489 | D:1      | Slain by an endoplasm

Illustrated notes

Levels and vault maps discovered:
D:1:      lemuel_arrival_lava_pool, layout_loops_ring,
          hellmonk_ecumenical_altar_heavens_door, minmay_misc_feat_rugged,
          moated_statue

Action                   || total
-------------------------++-------
 Cast: Foxfire           ||    24
Dodge: Dodged            ||     2

Table legend: (Time is in decaauts)
 A = Elapsed time spent in this place.
 B = Non-inter-level travel time spent in this place.
 C = Inter-level travel time spent in this place.
 D = Time resting spent in this place.
 E = Time spent auto-exploring this place.
 F = Levels seen in this place.
 G = Mean time per level.
                   A        B        C        D        E       F      G
               +--------+--------+--------+--------+--------+-----+--------+
         Total |    489 |    449 |     40 |      0 |    384 |   1 |  489.0 |
       Dungeon |    489 |    449 |     40 |      0 |    384 |   1 |  489.0 |
               +--------+--------+--------+--------+--------+-----+--------+

Top non-repeatable levels by time:
     D:1: 489 daAuts
